 Dungeon Crawl Stone Soup version 0.30.1 (webtiles) character file.

Game seed: 10516112205773194180

1471 cdecastro the Magician (level 9, 0/66 HPs)
             Began as a Djinni Hedge Wizard on July 3, 2023.
             Slain by an orc warrior
             ... wielding a +0 war axe
              (11 damage)
             ... in a bailey.
             The game lasted 00:20:30 (6353 turns).

cdecastro the Magician (Djinni Hedge Wizard)        Turns: 6353, Time: 00:20:31

Health: 0/66       AC:  5    Str:  9    XL:     9   Next: 6%
Gold:   699        EV: 12    Int: 20    God:
                   SH:  0    Dex: 13

rFire   + + .        a - +0 dagger
rCold   x . .        (no shield)
rNeg    + . .        I - +0 robe
rPois   ∞            c - +0 hat
rElec   .            v - +2 cloak
rCorr   +            (no gloves)
SInv    .            (boots unavailable)
Will    .....        (no amulet)
Stlth   ++           m - ring of positive energy
HPRegen 0.31/turn    t - ring of resist corrosion
MPRegen 0.00/turn

%: infuse magic (-1 HP)
@: flying
A: sickness immunity, fire resistance 2, cold vulnerability 1, float, innate
caster, HP casting, extra vitality 1
a: no special abilities


You were in a bailey.
You visited 1 branch of the dungeon, and saw 7 of its levels.
You also visited: Bailey.

You collected 699 gold pieces.

Inventory:

Hand Weapons
 a - a +0 dagger (weapon)
 b - the +9 sword of Zonguldrok {reap}
   (You found it in a bailey)
 o - a +3 quarterstaff of chaos
 r - a +4 dagger of freezing
Missiles
 l - 15 poisoned darts
 w - 6 atropa-tipped darts
 E - 2 throwing nets
 H - 9 curare-tipped darts
Armour
 c - a +0 hat (worn)
 v - a +2 cloak (worn)
 I - a +0 robe (worn)
Jewellery
 m - a ring of positive energy (left hand)
 t - a ring of resist corrosion (right hand)
 x - an amulet of faith
Wands
 y - a wand of flame (16)
Scrolls
 d - 5 scrolls of teleportation {unknown}
 g - 3 scrolls of blinking {unknown}
 h - 10 scrolls of identify {unknown}
 j - a scroll of amnesia {unknown}
 n - 2 scrolls of brand weapon {unknown}
 u - a scroll of fog {unknown}
 B - a scroll of immolation {unknown}
 C - a scroll of torment {unknown}
 D - a scroll of fear {unknown}
 F - a scroll of magic mapping {unknown}
Potions
 e - 2 potions of mutation {unknown}
 f - 3 potions of berserk rage {unknown}
 i - 2 potions of invisibility {unknown}
 k - 2 potions of might {unknown}
 p - 2 potions of heal wounds {unknown}
 q - a potion of degeneration {unknown}
 s - 2 potions of attraction {unknown}
 z - 2 potions of resistance {unknown}
 A - 2 potions of flight {unknown}
 G - a potion of magic {unknown}


   Skills:
 + Level 5.9 Fighting
 - Level 2.1 Dodging
 - Level 1.5 Stealth
 * Level 7.1 Spellcasting


You knew the following spells:

 Your Spells              Type           Power      Damage    Failure   Level
a - Magic Dart            Conj           100%       1d8       1%          1
b - Slow                  Hex            100%       N/A       1%          1
c - Blink                 Tloc           70%        N/A       1%          2
d - Call Imp              Summ           70%        N/A       1%          2
e - Mephitic Cloud        Conj/Pois/Air  35%        N/A       1%          3
f - Foxfire               Conj/Fire      100%       2x1d9     1%          1
g - Ensorcelled Hibernat  Hex/Ice        70%        N/A       1%          2
h - Static Discharge      Conj/Air       70%        2-5/arc   1%          2
i - Inner Flame           Hex/Fire       35%        N/A       1%          3
Your spell library was empty.

Dungeon Overview and Level Annotations

Branches:
Dungeon (7/15)             Bailey (1/1)
 Temple: D:4-7

Altars:

Shops:
D:1 !*   D:4 :*[*[

Annotations:
D:5 Dowan, Duvessa


Innate Abilities, Weirdness & Mutations

You are immune to sickness and miasma.
You are immune to poison.
Your flesh is very heat resistant. (rF++)
You are vulnerable to cold. (rC-)
You float through the air rather than walking.
You learn spells naturally, not from books.
Your magical power is your life essence.
You have superior vitality. (+4 MHP)


Message History

The orc warrior hits you with a +0 war axe! x2
* * * LOW HITPOINT WARNING * * *
Unknown command.
Unknown command.
You barely miss the orc warrior.
The orc warrior hits you with a +0 war axe!
* * * LOW HITPOINT WARNING * * *
The orc warrior barely misses you.
Unknown command.
Okay, then.
Unknown command.
You are too confused!
The orc warrior barely misses you.
Unknown command.
You're too confused to cast spells.
Unknown command.
You're too confused to cast spells.
The orc warrior attacks as you move away!
The orc warrior hits you with a +0 war axe.
* * * LOW HITPOINT WARNING * * *
You feel less confused. The orc warrior barely misses you.
Unknown command.
Unknown command.
Unknown command.
Casting: Foxfire (safe; 1% risk of failure)
Confirm with . or Enter, or press ? or * to list all spells.
Aiming: Mephitic Cloud (safe; 1% risk of failure)
Press: ? - help, Shift-Dir - straight line, f - orc warrior
Aim: an orc warrior, wielding a +0 war axe and wearing a +0 scale mail (chance to affect: 81%)
The ball explodes into a vile cloud!
The stinking cloud engulfs the orc warrior but does no damage.
The stinking cloud engulfs you but does no damage.
The stinking cloud engulfs the orc warrior but does no damage.
* * * LOW HITPOINT WARNING * * *
The orc warrior is engulfed in noxious fumes.
The orc warrior appears confused.
The orc warrior is engulfed in noxious fumes.
The orc warrior hits you with a +0 war axe!
You die...

#####
####._.####
###.!$.(..}.###
#.............##
...............#
........☼o@....#
#.......§§o...##
#.........###
####...####
###'###
##.....##
#...8...#
#∩.....∩#
##.....##


You could see 2 orc warriors.

Vanquished Creatures
  A water moccasin (D:6)
  An orc warrior (Bailey)
  2 black bears
  An ogre (D:6)
  2 phantoms (D:6)
  4 kobold brigands (Bailey)
  A bullfrog (D:6)
  Crazy Yiuf (D:3)
  An orc priest (D:3)
  2 hounds
  3 iguanas (D:6)
  2 sleepcaps (D:6)
  2 orc wizards
  8 adders
  4 gnolls (D:6)
  A white imp (D:6)
  A dart slug (D:5)
  3 worms
  9 orcs
  4 endoplasms
  2 giant cockroaches
  6 hobgoblins
  4 jackals
  14 kobolds
  3 quokkas
  5 ball pythons
  4 bats
  3 frilled lizards
  12 goblins
  4 rats
110 creatures vanquished.

Vanquished Creatures (others)
  232 foxfires
232 creatures vanquished.

Grand Total: 342 creatures vanquished

Notes
Turn   | Place    | Note
-------+----------+-------------------------------------------
     0 | D:1      | cdecastro the Djinni Hedge Wizard began the quest for the
                  | Orb.
     0 | D:1      | cdecastro set off with the following spells memorised:
                  | Magic Dart, Slow, Blink, Call Imp, Mephitic Cloud.
     0 | D:1      | Reached XP level 1. HP: 15/15 MP: 0/0
   156 | D:1      | Found Rumm's Assorted Antiques.
   354 | D:1      | Found Jycvacem's Distillery.
   358 | D:1      | Reached XP level 2. HP: 21/22 MP: 0/0
   610 | D:1      | Reached skill level 1 in Fighting
  1024 | D:2      | Reached skill level 3 in Spellcasting
  1024 | D:2      | Reached XP level 3. HP: 19/27 MP: 0/0
  1024 | D:2      | Learned a level 1 spell: Foxfire
  1297 | D:2      | Found a faded altar of an unknown god.
  1963 | D:3      | Reached XP level 4. HP: 32/32 MP: 0/0
  2182 | D:3      | Reached XP level 5. HP: 31/39 MP: 0/0
  2182 | D:3      | Learned a level 2 spell: Ensorcelled Hibernation
  2455 | D:3      | Reached skill level 4 in Spellcasting
  2600 | D:3      | Found a runed translucent door.
  2601 | D:3      | Noticed Crazy Yiuf
  2908 | D:3      | Killed Crazy Yiuf
  3066 | D:4      | Found Wuptia Dogel's Armour Boutique.
  3088 | D:4      | Reached XP level 6. HP: 45/45 MP: 0/0
  3093 | D:4      | Found Ekliqate's Book Emporium.
  3116 | D:4      | Noticed a black bear
  3124 | D:4      | Killed a black bear
  3155 | D:4      | Found Nyqirph's General Store.
  3292 | D:4      | Found Nittusta's General Store.
  3334 | D:4      | Found Zogeol's Armour Shop.
  3622 | D:5      | Entered Level 5 of the Dungeon
  3655 | D:5      | Noticed Duvessa
  3655 | D:5      | Noticed Dowan
  4032 | D:6      | Noticed a black bear
  4039 | D:6      | Killed a black bear
  4040 | D:6      | Reached XP level 7. HP: 35/51 MP: 0/0
  4040 | D:6      | Learned a level 2 spell: Static Discharge
  4118 | D:6      | Reached skill level 5 in Spellcasting
  4625 | D:6      | HP: 2/52 [/static electricity (4)]
  5001 | D:6      | Reached XP level 8. HP: 36/58 MP: 0/0
  5138 | D:6      | Reached skill level 5 in Fighting
  5138 | D:6      | Reached skill level 6 in Spellcasting
  6056 | D:7      | Found a flagged portal.
  6072 | Bailey   | Entered a bailey
  6246 | Bailey   | Found the +9 sword of Zonguldrok {reap}
  6257 | Bailey   | Reached skill level 7 in Spellcasting
  6257 | Bailey   | Reached XP level 9. HP: 59/66 MP: 0/0
  6257 | Bailey   | Learned a level 3 spell: Inner Flame
  6341 | Bailey   | Found a bloodstained altar of Trog.
  6353 | Bailey   | Slain by an orc warrior

Illustrated notes

Levels and vault maps discovered:
D:1:      lemuel_arrival_broad_hall, layout_basic, serial_shops,
          nicolae_shop_window_shopping, shop
D:2:      layout_loops_ring, ebering_ecumenical_altar_petrified
D:3:      layout_loops_corners, grunt_decor_cap, uniq_crazy_yiuf_cottage
D:4:      layout_cave_pools, serial_shops, shop, shop,
          nicolae_shop_just_a_little_nook, shop, nicolae_shop_waterfront,
          kennysheep_decorative_pillar
D:5:      layout_basic, uniq_duvessa
D:6:      layout_basic
D:7:      layout_basic, nzn_wu_jian_contemplation,
          minmay_temple_entry_steel_oval, enter_bailey_5, uniq_maggie
Bailey:   bailey_axe_3, bailey

Skill      XL: |  1  2  3  4  5  6  7  8 |
---------------+-------------------------+-----
Fighting       | 1 2 3 4 5 |  5.9
Spellcasting   | 3 4 5 7 |  7.1
Dodging        | |  2.1
Stealth        | |  1.5

Action                     |  1- 3 |  4- 6 |  7- 9 || total
---------------------------+-------+-------+-------++-------
  Melee: Dagger            |    22 |    22 |    69 ||   113
   Cast: Magic Dart        |    32 |     1 |       ||    33
         Foxfire           |    25 |    63 |    42 ||   130
         Ensorcelled Hiber |       |     3 |    15 ||    18
         Mephitic Cloud    |       |     2 |     8 ||    10
         Slow              |       |     1 |       ||     1
         Call Imp          |       |     1 |       ||     1
         Static Discharge  |       |       |    16 ||    16
   Stab: Sleeping          |     2 |     3 |    12 ||    17
         Confused          |       |       |     5 ||     5
 Armour: Robe              |     6 |     4 |    17 ||    27
  Dodge: Dodged            |    26 |    13 |    55 ||    94
